 Dungeon Crawl Stone Soup version 0.27-a0-242-ge0fc76b88b (webtiles) character file.

Game seed: 10999617218462223080

140 hatsuma the Skirmisher (level 5, -1/54 HPs)
             Began as an Ogre Necromancer on Feb 2, 2021.
             Slain by an orc
             ... wielding a +0 trident
              (4 damage)
             ... on level 3 of the Dungeon.
             The game lasted 00:24:06 (4203 turns).

hatsuma the Skirmisher (Ogre Necromancer)           Turns: 4203, Time: 00:24:07

Health: -1/54      AC:  3    Str: 12 (13) XL:     5   Next: 23%
Magic:  5/8        EV: 10    Int: 13 (16) God:
Gold:   50         SH:  0    Dex:  8 (9)  Spells: 3/8 levels left

rFire    . . .     SeeInvis .   l - +0 whip
rCold    . . .     Faith    .   (no shield)
rNeg     . . .     Spirit   .   a - +0 robe
rPois    .         Reflect  .   (helmet restricted)
rElec    .         Harm     .   (no cloak)
rCorr    .         Rampage  .   (gloves unavailable)
Will     .....                  (boots unavailable)
Stlth    +.........             (no amulet)
HPRegen  0.18/turn              (no ring)
MPRegen  0.11/turn              (no ring)

@: very slightly contaminated
A: large, unfitting armour, tough skin 1
a: no special abilities


You were on level 3 of the Dungeon.
You visited 1 branch of the dungeon, and saw 3 of its levels.

You collected 50 gold pieces.

Inventory:

Hand Weapons
 l - a +0 whip (weapon)
Missiles
 d - a boomerang (quivered)
Armour
 a - a +0 robe (worn)
Scrolls
 g - a scroll of identify {unknown}
 h - 2 scrolls of teleportation {unknown}
 m - a scroll of remove curse {unknown}
Potions
 b - a potion of haste {unknown}
 c - a potion of flight {unknown}
 e - a potion of heal wounds {unknown}
 f - a potion of lignification {unknown}
 i - a potion of degeneration
 j - 2 potions of magic {unknown}
 k - 2 potions of curing {unknown}
 n - a potion of cancellation {unknown}


   Skills:
 - Level 4.0 Fighting
 - Level 2.0 Maces & Flails
 - Level 2.0 Throwing
 + Level 2.0 Dodging
 - Level 1.4 Stealth
 - Level 2.4 Spellcasting
 - Level 3.6 Necromancy


You had 3 spell levels left.
You knew the following spells:

 Your Spells              Type           Power        Failure   Level
a - Pain                  Necr           40%          5%          1
b - Animate Skeleton      Necr           20%          5%          1
c - Vampiric Draining     Necr           5%           17%         3

Your spell library contained the following spells:

 Spells                   Type           Power        Failure   Level
 Animate Dead             Necr           5%           50%         4
 Agony                    Necr           10%          83%         5


Dungeon Overview and Level Annotations

Branches:
Dungeon (3/15)

Altars:
Ashenzari


Innate Abilities, Weirdness & Mutations

You are too large for most types of armour.
You have tough skin. (AC +1)


Message History

Aim: an orc priest, wielding a +0 falchion and wearing a +0 ring mail (almost dead, chance to affect: 70%)
You miscast Pain.
You are very lightly contaminated with residual magic.
Nothing appears to happen.
The orc priest hits you with a +0 falchion.
* * * LOW HITPOINT WARNING * * *
The orc hits you but does no damage.
You hit the orc priest but do no damage.
The orc priest is almost dead.
The orc priest misses you. The orc misses you.
Unknown command.
It was a potion of degeneration.
There was something very wrong with that liquid.
You feel weakened.
You feel dopey.
You feel clumsy.
The orc priest hits you but does no damage.
The orc wizard casts a spell at itself.
The orc wizard flickers and vanishes!
Deactivating autopickup; reactivate with Ctrl-A.
The orc hits you from afar with a +0 trident.
You die...

#..............†....
#..#############....
#..# #.............
#..# #.##.....(....
#####..#
#.##.####.....
#...)..# #.##.#
#..... #......#
#.##.# #.....
#......####.##.#
#.....
#......@....##.#
#.....
#....#o#######.#
###### #....#o###
#># .......{o.# #.#
##....#.#o#
#...$#.#.# #...
#.#.# #... #.#.# #..
#.#.#


You could see an orc priest and an orc.

Vanquished Creatures
  A gnoll (D:1)
  7 adders
  3 worms
  4 dart slugs
  A leopard gecko (D:2)
  2 giant cockroaches
  7 goblins
  8 hobgoblins
  4 jackals (D:2)
  3 ball pythons
  5 bats
  2 frilled lizards (D:1)
  5 kobolds
  2 rats (D:1)
54 creatures vanquished.

Notes
Turn   | Place    | Note
-------+----------+-------------------------------------------
     0 | D:1      | hatsuma the Ogre Necromancer began the quest for the Orb.
     0 | D:1      | Reached XP level 1. HP: 16/16 MP: 3/3
    47 | D:1      | Reached skill level 1 in Fighting
   245 | D:1      | Reached skill level 2 in Fighting
   363 | D:1      | Reached XP level 2. HP: 27/28 MP: 3/5
   367 | D:1      | Learned a level 1 spell: Animate Skeleton
   598 | D:1      | Reached skill level 1 in Maces & Flails
   903 | D:1      | Reached XP level 3. HP: 15/36 MP: 1/6
  1291 | D:1      | Learned a level 3 spell: Vampiric Draining
  1347 | D:1      | Reached skill level 3 in Fighting
  1987 | D:2      | Reached skill level 1 in Throwing
  1987 | D:2      | Reached XP level 4. HP: 13/45 MP: 2/7
  3269 | D:2      | Reached skill level 4 in Fighting
  3538 | D:3      | Found a broken altar of Ashenzari.
  3671 | D:3      | Reached XP level 5. HP: 37/54 MP: 4/8
  4201 | D:3      | HP: 2/54 [orc priest/+0 falchion (6)]
  4203 | D:3      | Slain by an orc

Illustrated notes

Levels and vault maps discovered:
D:1:      minmay_arrival_jagged, layout_rooms
D:2:      layout_basic
D:3:      layout_basic, cheibrodos_ashenzari_chains, nzn_hepliaklqana_mist_gate

Skill      XL: |  1  2  3  4  5 |
---------------+----------------+-----
Fighting       | 2 3 4 |  4.0
Maces & Flails | 1 2 |  2.0
Throwing       | 1 2 |  2.0
Dodging        | 2 |  2.0
Stealth        | |  1.4
Spellcasting   | |  2.4
Necromancy     | |  3.6

Action                   |  1- 3 |  4- 6 || total
-------------------------+-------+-------++-------
Melee: Unarmed           |     5 |       ||     5
       Club              |   102 |       ||   102
       Whip              |     9 |    97 ||   106
Throw: Boomerang         |     5 |    35 ||    40
 Cast: Pain              |    27 |    23 ||    50
       Animate Skeleton  |     1 |       ||     1
       Vampiric Draining |     1 |       ||     1
  Use: Potion            |       |     1 ||     1
 Stab: Sleeping          |     1 |     1 ||     2
Armor: Robe              |    37 |    29 ||    66
Dodge: Dodged            |    78 |    63 ||   141

Table legend: (Time is in decaauts)
 A = Elapsed time spent in this place.
 B = Non-inter-level travel time spent in this place.
 C = Inter-level travel time spent in this place.
 D = Time resting spent in this place.
 E = Time spent auto-exploring this place.
 F = Levels seen in this place.
 G = Mean time per level.
                   A        B        C        D        E       F      G
               +--------+--------+--------+--------+--------+-----+--------+
         Total |   4237 |   4112 |    125 |   2279 |    405 |   3 | 1412.3 |
       Dungeon |   4237 |   4112 |    125 |   2279 |    405 |   3 | 1412.3 |
               +--------+--------+--------+--------+--------+-----+--------+

Top non-repeatable levels by time:
     D:2: 2139 daAuts
     D:1: 1411 daAuts
     D:3: 686 daAuts
